Construct Section Command Post
Construct Platoon Command Post
Construct Field Infirmary
Selects Indian Artillery Battlegroup
Selects Gurkha Rifles Section
Unlock M3 Stuart Light Tanks
Selects Volunteer Infantry
Selects Artillery Saturation
6-pounder Anti-tank Gun Team
Construct Company Command Post
Selects Off-map Airburst Barrage
Selects BL5.5 Artillery Emplacement
Unlock Towed 17-pounder Anti-tank Guns